Map: Blackpink LE

Players

Plokoon

  • Race: Terran Terran
  • League: Master
  • Spawn Location: 1:00

whiteant - Winner!

  • Race: Protoss Protoss
  • Spawn Location: 7:00

VOD

Have the link to the VOD?

Description

Time

  • Played on: Nov. 29, 2017, 8:55 a.m.
  • Length: 8:59
Show
View Real Time Build Order
Export as new Build Order

Plokoon Terran 

Build Orders: Reaper Expand, MMM Bio 

Get SALT Encoding   

  12  0:01  SCV  
  13  0:13  SCV  
  14  0:18  Supply Depot  
  14  0:25  SCV  
  15  0:29  Refinery  
  15  0:40  SCV  
  16  0:45  Barracks  
  16  0:52  SCV  
  17  1:04  SCV  
  19  1:18  SCV  
  19  1:35  Reaper  
  20  1:43  Orbital Command  
  20  1:57  Command Center  
  20  2:00  Barracks  
  20  2:09  Barracks Reactor  
  20  2:10  SCV  
  21  2:17  Supply Depot  
  21  2:22  SCV  
  22  2:34  Factory, SCV  
  23  2:45  Bunker  
  23  2:46  Marine x2  
  23  2:50  SCV  
  26  2:53  Refinery  
  26  2:55  Barracks Tech Lab  
  26  3:02  SCV  
  27  3:09  Orbital Command  
  27  3:11  Marine x2  
  29  3:17  Marine  
  30  3:25  Starport  
  30  3:29  Widow Mine  
  30  3:31  SCV  
  33  3:37  Stimpack  
  33  3:39  SCV  
  34  3:44  SCV  
  35  3:49  Marine  
  35  3:51  Marine x2  
  35  3:53  Supply Depot  
  38  3:56  SCV  
  38  3:58  SCV  
  38  4:00  Widow Mine  
  42  4:07  Medivac  
  42  4:08  SCV  
  45  4:10  SCV  
  46  4:17  Supply Depot  
  46  4:20  SCV  
  46  4:22  Marine x2  
  49  4:26  Barracks  
  49  4:28  Marine  
  49  4:29  Liberator  
  49  4:30  SCV  
  51  4:34  SCV  
  52  4:40  Marine, Engineering Bay  
  52  4:42  SCV  
  52  4:44  Marine  
  55  4:46  Marine  
  55  4:47  Factory Reactor  
  59  4:58  Marine  
  59  4:59  SCV  
  61  5:02  Supply Depot  
  61  5:04  SCV  
  61  5:05  Refinery  
  62  5:11  Marine  
  62  5:14  Barracks  
  62  5:15  Barracks  
  62  5:17  Terran Infantry Weapons Level 1  
  62  5:23  Marine  
  62  5:24  SCV x2  
  65  5:29  Supply Depot  
  65  5:31  Marine  
  65  5:35  Factory Tech Lab  
  66  5:36  SCV x2  
  66  5:37  Marine x2  
  66  5:39  Starport Reactor  
  66  5:41  Combat Shields  
  70  5:46  Supply Depot  
  70  5:49  Supply Depot  
  70  5:50  SCV, Marine  
  72  5:59  Marine x3  
  75  6:04  SCV  
  75  6:09  Marauder, Barracks Reactor, Barracks Tech Lab  
  78  6:11  SCV  
  78  6:16  Marine  
  77  6:18  Medivac x2  
  77  6:20  Marauder, Marine x3  
  86  6:30  Marauder  
  86  6:31  Supply Depot  
  88  6:34  SCV, Marine  
  88  6:38  Marine x2  
  92  6:41  Marauder  
  92  6:42  Supply Depot  
  92  6:43  Marine  
  95  6:48  Concussive Shells  
  95  6:51  Marauder, Marine  
  95  6:53  Marine x2  
  100  6:55  Marine  
  100  6:56  Marine, Supply Depot  
  100  6:57  Liberator  
  100  7:00  Liberator, Marine  
  103  7:03  Marauder  
  105  7:08  Supply Depot  
  105  7:09  Marine  
  105  7:11  Marine x2  
  105  7:13  Marauder  
  116  7:24  Marauder, Marine x2  
  120  7:31  Supply Depot  
  120  7:34  Marauder  
  120  7:35  Marine  
  123  7:40  Liberator  
  123  7:45  Marauder  
  123  7:48  Marine x2  
  127  7:56  Marauder  
  127  7:57  Supply Depot  
  126  8:07  Marauder, Marine x4  
  132  8:15  Supply Depot  
  132  8:17  Marauder  
  116  8:37  Marauder  
  116  8:39  Marine  
Show
View Real Time Build Order
Export as new Build Order

whiteant Protoss - Winner!

Build Orders: 1 Gate Expand, Colossus Rush 

Get SALT Encoding   

  12  0:01  Probe  
  13  0:13  Probe  
  14  0:17  Pylon  
  14  0:25  Probe  
  15  0:35  Gateway  
  15  0:38  Probe (Chrono Boost)  
  16  0:49  Assimilator  
  17  0:50  Probe (Chrono Boost)  
  17  0:55  Probe (Chrono Boost)  
  18  1:05  Probe (Chrono Boost)  
  19  1:15  Probe (Chrono Boost)  
  20  1:19  Probe  
  21  1:29  Nexus  
  21  1:38  Cybernetics Core  
  21  1:41  Probe  
  22  1:49  Assimilator  
  22  1:53  Probe, Pylon  
  22  2:06  Probe  
  23  2:14  Stalker (Chrono Boost)  
  23  2:15  Warp Gate (Chrono Boost)  
  25  2:18  Probe  
  26  2:25  Pylon  
  26  2:30  Probe  
  26  2:35  Sentry  
  29  2:41  Probe (Chrono Boost)  
  31  2:49  Robotics Facility  
  31  2:52  Probe x2 (Chrono Boost)  
  31  2:54  Probe  
  33  3:03  Probe  
  33  3:05  Sentry  
  36  3:06  Probe  
  36  3:09  Gateway  
  37  3:15  Probe  
  37  3:18  Probe  
  39  3:21  Pylon  
  39  3:26  Shield Battery  
  39  3:27  Probe  
  39  3:30  Probe  
  39  3:34  Sentry  
  43  3:36  Observer  
  43  3:39  Probe  
  43  3:40  Assimilator  
  45  3:42  Probe  
  46  3:51  Probe  
  46  3:52  Pylon  
  46  3:54  Probe  
  48  4:03  Probe  
  48  4:07  Probe, Robotics Bay  
  50  4:13  Assimilator  
  50  4:15  Probe  
  51  4:19  Probe  
  52  4:28  Gateway  
  52  4:29  Gateway  
  52  4:30  Gateway  
  52  4:32  Probe  
  52  4:33  Probe  
  52  4:35  Zealot x2  
  58  4:54  Colossus (Chrono Boost)  
  58  4:56  Extended Thermal Lance  
  64  5:04  Nexus, Pylon  
  63  5:10  Stalker  
  63  5:11  Stalker  
  67  5:25  Probe x2  
  69  5:30  Pylon  
  69  5:31  Pylon  
  69  5:36  Twilight Council, Forge  
  69  5:38  Pylon  
  69  5:41  Colossus  
  75  5:48  Probe x2  
  74  5:59  Stalker  
  74  6:00  Stalker x2  
  80  6:10  Probe  
  80  6:11  Probe  
  82  6:21  Protoss Ground Weapons Level 1 (Chrono Boost)  
  82  6:27  Charge  
  82  6:30  Probe  
  82  6:31  Probe x2  
  85  6:34  Colossus (Chrono Boost)  
  85  6:37  Zealot x4  
  99  6:46  Probe x3  
  102  6:48  Stalker  
  102  6:51  Pylon  
  104  6:58  Pylon  
  104  7:00  Gateway  
  104  7:01  Gateway  
  104  7:03  Gateway  
  104  7:12  Zealot  
  104  7:13  Zealot x3  
  112  7:16  Zealot  
  112  7:19  Observer (Chrono Boost)  
  112  7:20  Shield Battery  
  115  7:30  Pylon  
  115  7:33  Pylon  
  115  7:37  Stalker x4  
  119  7:58  Probe x2  
  119  7:59  Probe  
  119  8:02  Zealot x5  
  130  8:16  Probe x3  
  133  8:24  Stalker x2  
  143  8:27  Pylon  
  143  8:33  Zealot x4  
  131  8:38  Zealot x2  
  100  8:50  Zealot x2  
Tags
 
Add a new tag
Caveats
  • Supply blocks, unpowered buildings, or Contaminate may cause inaccurate times.
  • Supply counts are checked every 10 seconds.